 Dungeon Crawl Stone Soup version 0.30.1-4-g462c640d31 (webtiles) character file.

Game seed: 14396767009435039879

120 rvierbuc the Chopper (level 4, -1/33 HPs)
             Began as a Demonspawn Gladiator on Aug 24, 2023.
             Killed from afar by Natasha (6 damage)
             ... with a magic dart
             ... on level 3 of the Dungeon.
             The game lasted 00:05:34 (2010 turns).

rvierbuc the Chopper (Demonspawn Gladiator)         Turns: 2010, Time: 00:05:35

Health: -1/33      AC:  5    Str: 16    XL:     4   Next: 75%
Magic:  4/4        EV: 12    Int: 10    God:
Gold:   107        SH:  0    Dex: 14    Spells: 3/3 levels left

rFire   . . .        a - +0 war axe
rCold   . . .        (no shield)
rNeg    . . .        b - +0 leather armour
rPois   .            c - +0 helmet
rElec   .            (no cloak)
rCorr   .            (no gloves)
SInv    .            (no boots)
Will    .....        (no amulet)
Stlth   +            (no ring)
HPRegen 0.25/turn    (no ring)
MPRegen 0.09/turn

%: no passive effects
@: no status effects
A: hooves 1, rugged brown scales 1, spiny 1
a: no special abilities


You were on level 3 of the Dungeon.
You visited 1 branch of the dungeon, and saw 3 of its levels.

You collected 107 gold pieces.

Inventory:

Hand Weapons
 a - a +0 war axe (weapon)
 o - a +1 rapier of speed
Missiles
 d - 3 throwing nets
 e - a javelin
 k - 7 poisoned darts (quivered)
Armour
 b - a +0 leather armour (worn)
 c - a +0 helmet (worn)
Scrolls
 f - a scroll of poison {unknown}
 g - a scroll of fear {unknown}
 h - 3 scrolls of identify {unknown}
 p - a scroll of teleportation {unknown}
Potions
 i - a potion of degeneration {unknown}
 j - a potion of brilliance
 l - a potion of flight {unknown}
 m - 3 potions of curing {unknown}
 n - 2 potions of heal wounds


   Skills:
 + Level 2.1 Fighting
 + Level 4.1 Axes
 + Level 1.9 Throwing
 + Level 0.5 Armour
 + Level 3.5 Dodging
 + Level 0.1 Stealth


You had 3 spell levels left.
You didn't know any spells.
Your spell library contained the following spells:

 Spells                   Type           Power      Damage    Failure   Level
 Ozocubu's Armour         Ice            0%         N/A       80%         3
 Portal Projectile        Hex/Tloc       0%         N/A       80%         3
 Tukima's Dance           Hex            0%         N/A       80%         3
 Blade Hands              Tmut           0%         N/A       100%        5
 Metabolic Englaciation   Hex/Ice        0%         N/A       100%        5
 Simulacrum               Ice/Necr       0%         N/A       100%        6


Dungeon Overview and Level Annotations

Branches:
Dungeon (3/15)

Altars:

Annotations:
D:3 1 runed translucent door, Crazy Yiuf, Natasha, Sigmund


Innate Abilities, Weirdness & Mutations

You have large cloven feet.
You are partially covered in rugged brown scales. (AC +1, +3% HP)
You are partially covered in sharp spines.


Message History

Natasha is struck by your spines. Natasha claws you.
The cerulean imp closely misses you.
You completely miss Natasha. Your kick misses Natasha.
Natasha is moderately wounded.
You slash the cerulean imp! Natasha is struck by your spines.
Natasha barely misses you.
The cerulean imp is struck by your spines.
The cerulean imp hits you with a +4 spear.
You closely miss Natasha. Your kick misses Natasha.
Natasha is heavily wounded.
You barely miss the cerulean imp. Natasha claws you.
The cerulean imp is struck by your spines.
You kill the cerulean imp!
The cerulean imp disappears in a puff of smoke!
You hit Natasha. You kick Natasha.
Natasha is severely wounded.
Natasha claws you. x2
You hit Natasha but do no damage.
Natasha is severely wounded.
Natasha mumbles some strange words.
You hit Natasha but do no damage. Your kick misses Natasha.
Natasha is severely wounded.
You miss the cerulean imp.
Natasha drinks a potion.
Natasha is healed!
The cerulean imp misses you.
You slash Natasha! You kick Natasha.
Natasha is severely wounded.
You hit the cerulean imp but do no damage.
Natasha claws you but does no damage.
The cerulean imp is struck by your spines.
The cerulean imp hits you with a +0 spear.
You closely miss Natasha. You kick Natasha, but do no damage.
Natasha is severely wounded.
You closely miss the cerulean imp. Natasha casts a spell at you.
The magic dart hits you!
* * * LOW HITPOINT WARNING * * *
The cerulean imp barely misses you.
Natasha stares at you and mumbles some strange words.
The magic dart hits you.
You die...

##### #######
#...######.....# ###
###...##...#.....#######..
......##.5h#..............
#......@.#..............
#........#..............
#........#..............
#######'##...#..............
......#.######..............
#....######..............
#..........###...........
#..........###...........
.....##.......##....#.......


You could see Natasha and a cerulean imp (summoned).

Vanquished Creatures
  Natasha (twice) (D:3)
  An adder (D:2)
  A worm (D:2)
  2 dart slugs (D:1)
  An orc (D:2)
  6 endoplasms
  3 giant cockroaches
  9 goblins
  A hobgoblin (D:1)
  3 jackals (D:2)
  4 kobolds
  A quokka (D:1)
  5 ball pythons
  4 bats
  5 frilled lizards
  3 rats
51 creatures vanquished.

Notes
Turn   | Place    | Note
-------+----------+-------------------------------------------
     0 | D:1      | rvierbuc the Demonspawn Gladiator began the quest for the
                  | Orb.
     0 | D:1      | Reached XP level 1. HP: 16/16 MP: 1/1
   235 | D:1      | Gained mutation: You are partially covered in rugged brown
                  | scales. (AC +1, +3% HP) [demonic ancestry]
   235 | D:1      | Reached XP level 2. HP: 16/22 MP: 2/2
   291 | D:1      | Reached skill level 3 in Axes
   660 | D:1      | Found a faded altar of an unknown god.
   672 | D:1      | Gained mutation: You have large cloven feet. [demonic
                  | ancestry]
   672 | D:1      | Reached XP level 3. HP: 26/27 MP: 3/3
  1732 | D:3      | Noticed Natasha
  1737 | D:3      | Noticed Sigmund
  1768 | D:2      | Gained mutation: You are partially covered in sharp spines.
                  | [demonic ancestry]
  1768 | D:2      | Reached XP level 4. HP: 25/33 MP: 4/4
  1773 | D:3      | Killed Natasha
  1876 | D:3      | Noticed Natasha
  1884 | D:3      | Killed Natasha
  1885 | D:3      | Reached skill level 4 in Axes
  1948 | D:3      | Found a runed translucent door.
  1949 | D:3      | Noticed Crazy Yiuf
  1999 | D:3      | Noticed Natasha
  2010 | D:3      | Killed from afar by Natasha

Illustrated notes

Levels and vault maps discovered:
D:1:      co_arrival_random_square_maze, layout_basic, basic_ecumenical_altar
D:2:      layout_basic
D:3:      layout_basic, uniq_natasha, uniq_sigmund, uniq_crazy_yiuf_cottage,
          uniq_terence

Skill      XL: |  1  2  3  4 |
---------------+-------------+-----
Dodging        | 3 |  3.5
Axes           | 3 4 |  4.1
Fighting       | |  2.1
Throwing       | |  1.9
Armour         | |  0.5
Stealth        | |  0.1

Action                     |  1- 3 |  4- 6 || total
---------------------------+-------+-------++-------
  Melee: War axe           |   121 |    15 ||   136
         Kick              |    14 |     7 ||    21
         Unarmed           |     1 |       ||     1
  Throw: Dart              |     1 |       ||     1
    Use: Potion            |     1 |       ||     1
   Stab: Sleeping          |     3 |       ||     3
 Armour: Leather armour    |    35 |     2 ||    37
  Dodge: Dodged            |    86 |     8 ||    94
